 Dungeon Crawl Stone Soup version 0.25-a0-578-gc91f01c39c (webtiles) character file.

Game seed: 7890360174627434945, levelgen mode: deterministic

2591 Gargoyl the Chopper (level 9, 0/74 HPs)
             Began as a Centaur Abyssal Knight on Mar 3, 2020.
             Was a Priest of Lugonu.
             Shot with a sling bullet by Joseph (9 damage)
             ... on level 7 of the Dungeon.
             The game lasted 00:09:29 (5011 turns).

Gargoyl the Chopper (Centaur Abyssal Knight)        Turns: 5011, Time: 00:09:29

Health: 0/74       AC: 18    Str: 13    XL:     9   Next: 33%
Magic:  13/13      EV: 11    Int: 11    God:    Lugonu [***...]
Gold:   231        SH:  4    Dex: 16    Spells: 8/8 levels left

rFire    + . .     SeeInvis .   a - +3 hand axe (elec)
rCold    . . .     Gourm    .   (no shield)
rNeg     . . .     Faith    .   u - +0 scale mail {rF+}
rPois    .         Spirit   .   (helmet restricted)
rElec    .         Reflect  .   r - +2 cloak
rCorr    .         Harm     .   (no gloves)
MR       .....                  (no barding)
Stlth    ..........             q - amulet of regeneration
HPRegen  0.62/turn              l - +6 ring of protection
MPRegen  0.13/turn              o - +4 ring of dexterity

@: very quick
A: large, hooves 3, horns 1, repulsion field 1, large bone plates 1, yellow
scales 1, blurry vision 1, deformed body, speed 2, tough skin 3, weak 1
a: Depart the Abyss, Bend Space, Banish, Renounce Religion


You were on level 7 of the Dungeon.
You worshipped Lugonu.
Lugonu was most pleased with you.
You were not hungry.

You visited 1 branch of the dungeon, and saw 7 of its levels.
You visited the Abyss 1 time.

You collected 321 gold pieces.
You spent 90 gold pieces at shops.

Inventory:

Hand Weapons
 a - a +3 hand axe of electrocution (weapon)
Missiles
 v - 12 boomerangs (quivered)
Armour
 d - a +1 scale mail of cold resistance
 k - a +1 helmet
 r - a +2 cloak (worn)
 u - a +0 scale mail of fire resistance (worn)
Jewellery
 l - a +6 ring of protection (left hand)
 m - an uncursed ring of positive energy
 o - a +4 ring of dexterity (right hand)
 q - an amulet of regeneration (around neck)
 s - an uncursed ring of resist corrosion
Scrolls
 e - 8 scrolls of teleportation
 g - 4 scrolls of identify
 h - 6 scrolls of remove curse
 p - a scroll of fear
 x - 2 scrolls of magic mapping
 y - a scroll of amnesia {unknown}
Potions
 b - 2 potions of flight {unknown}
 f - a potion of brilliance {unknown}
 i - 3 potions of stabbing
 j - 3 potions of lignification
 n - a potion of heal wounds {unknown}
 w - a potion of curing
 z - a potion of degeneration {unknown}
Comestibles
 c - 16 rations


   Skills:
 + Level 5.2 Fighting
 + Level 6.2 Axes
 + Level 0.3 Throwing
 * Level 5.3 Armour
 * Level 3.8 Dodging
 * Level 5.9 Invocations


You had 8 spell levels left.
You didn't know any spells.
Your spell library was empty.

Dungeon Overview and Level Annotations

Branches:
Dungeon (7/15)             Temple (0/1) D:4

Altars:
Gozag
Hepliaklqana
Makhleb
Qazlal
Uskayaw
Zin

Shops:
D:6 (

Annotations:
D:7 Joseph, Menkaure


Innate Abilities, Weirdness & Mutations

You have hooves in place of feet.
Armour fits poorly on your strangely shaped body.
You cover ground very quickly.
You have extremely tough skin. (AC +3)
You have a pair of small horns on your head.
You are surrounded by a mild repulsion field. (EV +2)
You are partially covered in large bone plates. (SH +4)
You are partially covered in yellow scales. (AC +2)
Scrolls take you a little longer to read.
You are weak. (Str -2)


Message History

Joseph shoots a sling bullet.
The sling bullet hits you! The sling bullet freezes you.
Menkaure, Prince of Dust comes into view.
Menkaure shouts!
You slash the shadow imp!
Lightning courses through the shadow imp!
You kill the shadow imp!
Lugonu accepts your kill.
Joseph shoots a sling bullet.
The sling bullet hits you! The sling bullet freezes you.
Joseph shoots a sling bullet.
The sling bullet barely misses you.
Joseph shoots a sling bullet.
You block the sling bullet.
Menkaure calls on the powers of darkness!
Joseph convulses!
Your body is wracked with pain!
You see here a sling bullet.
You see here a sling bullet.
Joseph shoots a sling bullet.
The sling bullet hits you!!
* * * LOW HITPOINT WARNING * * *
The sling bullet freezes you!
You die...

#.####.##M# #
.......@.. .#
.........##.#
#........#
#.##...(..#
#.........#
####.##(..# #
#(..# #@..#
#...# #...#
#...#
.####...#######
.........(....##
....|...........
........p.......
.####...######.#


You could see Joseph and a neutral freed slave (wandering).

Vanquished Creatures
  Pikel (D:6)
  Grinder (D:6)
  Sigmund (D:2)
  Eustachio (D:6)
  A sky beast (D:5)
  A slave (D:7)
  A phantom (D:7)
  2 ogres
  The ghost of Beaer the Insei, an amateur OpTm (D:3)
  3 bullfrogs
  A scorpion (D:4)
  4 wights (D:6)
  A howler monkey (D:5)
  2 crimson imps
  A hound (D:4)
  A jelly (D:5)
  5 orc priests
  A bullfrog skeleton (D:4)
  4 orc wizards
  7 worker ants
  A worker ant zombie (D:5)
  3 gnolls (D:3)
  7 adders
  A shadow imp (D:7)
  An ooze (D:4)
  An adder zombie (D:5)
  An adder skeleton (D:5)
  A worm (D:2)
  4 dart slugs
  4 leopard geckos
  7 orcs
  8 bats
  7 giant cockroaches
  5 hobgoblins
  9 jackals
  11 kobolds
  2 quokkas
  2 ball pythons
  6 frilled lizards
  8 goblins
  A jackal skeleton (D:7)
  A leopard gecko skeleton (D:4)
  9 rats
140 creatures vanquished.

Notes
Turn   | Place    | Note
-------+----------+-------------------------------------------
     0 | Abyss:1  | Gargoyl the Centaur Abyssal Knight began the quest for the
                  | Orb.
     0 | Abyss:1  | Reached XP level 1. HP: 19/19 MP: 2/2
   151 | Abyss:2  | Noticed a smoke demon
   152 | D:1      | Escaped the Abyss
   298 | D:1      | Reached XP level 2. HP: 21/26 MP: 3/3
   607 | D:1      | Reached skill level 1 in Dodging
   726 | D:1      | Reached skill level 2 in Axes
  1025 | D:1      | Reached * piety under Lugonu
  1108 | D:2      | Reached XP level 3. HP: 31/31 MP: 4/4
  1463 | D:2      | Noticed Sigmund
  1472 | D:2      | Killed Sigmund
  1472 | D:2      | Reached XP level 4. HP: 40/40 MP: 4/6
  1472 | D:2      | Reached XP level 5. HP: 46/46 MP: 4/7
  1841 | D:3      | Reached ** piety under Lugonu
  1928 | D:3      | Reached XP level 6. HP: 52/52 MP: 8/8
  1932 | D:3      | Reached skill level 3 in Axes
  2116 | D:3      | Noticed Beaer's ghost (amateur OpTm)
  2118 | D:3      | Found a transporter.
  2161 | D:3      | Found a transporter.
  2420 | D:3      | Killed Beaer's ghost
  2610 | D:3      | Gained mutation: You are weak. (Str -2) [potion of
                  | mutation]
  2610 | D:3      | Gained mutation: You are partially covered in yellow
                  | scales. (AC +2) [potion of mutation]
  2611 | D:3      | Gained mutation: Scrolls take you a little longer to read.
                  | [potion of mutation]
  2611 | D:3      | Gained mutation: You are partially covered in large bone
                  | plates. (SH +4) [potion of mutation]
  2611 | D:3      | Gained mutation: You are surrounded by a mild repulsion
                  | field. (EV +2) [potion of mutation]
  2611 | D:3      | Gained mutation: You have a pair of small horns on your
                  | head. [potion of mutation]
  2774 | D:4      | Found a hide-covered altar of Uskayaw.
  2802 | D:4      | Reached XP level 7. HP: 59/59 MP: 9/9
  2970 | D:4      | Reached skill level 4 in Axes
  2982 | D:4      | Found a staircase to the Ecumenical Temple.
  3085 | D:5      | Entered Level 5 of the Dungeon
  3189 | D:5      | Found a stormy altar of Qazlal.
  3359 | D:5      | Reached *** piety under Lugonu
  3539 | D:5      | Found a burning altar of Makhleb.
  3682 | D:5      | Found a hazy altar of Hepliaklqana.
  3836 | D:5      | Reached XP level 8. HP: 54/67 MP: 11/11
  3839 | D:5      | Reached skill level 5 in Axes
  4206 | D:6      | Noticed Eustachio
  4227 | D:6      | Killed Eustachio
  4274 | D:6      | Found Zin's Purification Station.
  4275 | D:6      | Found a glowing silver altar of Zin.
  4280 | D:6      | Bought a potion of curing for 90 gold pieces
  4317 | D:6      | Noticed Grinder
  4330 | D:6      | Killed Grinder
  4360 | D:6      | Found Keshit's Antique Weapon Boutique.
  4468 | D:6      | Found an opulent altar of Gozag.
  4617 | D:5      | Reached skill level 5 in Invocations
  4698 | D:6      | Reached skill level 5 in Armour
  4830 | D:7      | Found a hide-covered altar of Uskayaw.
  4846 | D:7      | Reached XP level 9. HP: 73/73 MP: 11/13
  4849 | D:7      | Noticed Pikel
  4865 | D:6      | Killed Pikel
  4865 | D:6      | Reached skill level 5 in Fighting
  4865 | D:6      | Reached skill level 6 in Axes
  5002 | D:7      | Noticed Joseph
  5006 | D:7      | Noticed Menkaure
  5011 | D:7      | Shot with a sling bullet by Joseph

Levels and vault maps discovered:
D:1:      shiori_arrival_oz, layout_loops_corners
D:2:      layout_rooms, first_ration, uniq_sigmund
D:3:      layout_basic, gammafunk_ghost_arena
D:4:      layout_rooms, eat_drink_and_be_merry_uskayaw,
          minmay_temple_entry_poolview
D:5:      layout_basic, lemuel_round_altar, nicolae_overflow_crystal_walls,
          kennysheep_mini
D:6:      layout_rooms, zin_purify, overflow_temple_1_default, serial_shops,
          shop, uniq_eustachio, uniq_grinder
D:7:      cheibrodos_steamvent, layout_loops_cross, lemuel_crystal_altar,
          basic_altar, grunt_livestock, uniq_pikel, uniq_joseph, uniq_menkaure

Skill      XL: |  1  2  3  4  5  6  7  8  9 |
---------------+----------------------------+-----
Dodging        | 1 2 3 |  3.8
Axes           | 2 3 4 5 6 |  6.2
Armour         | 2 3 5 |  5.3
Invocations    | 3 4 5 |  5.9
Fighting       | 4 5 |  5.2
Throwing       | |  0.3

Action                   |  1- 3 |  4- 6 |  7- 9 || total
-------------------------+-------+-------+-------++-------
Melee: Hand axe          |    85 |   108 |   164 ||   357
       Kick              |    11 |    25 |    40 ||    76
       Headbutt          |       |     2 |    32 ||    34
Throw: Boomerang         |       |       |     3 ||     3
Invok: Depart the Abyss  |     1 |       |       ||     1
  Use: Scroll            |     2 |    14 |     3 ||    19
       Potion            |       |     2 |       ||     2
  Eat: Chunk             |       |     4 |     6 ||    10
Armor: Scale mail        |    50 |    82 |    81 ||   213
Dodge: Dodged            |    45 |    51 |    67 ||   163
Block: Other             |       |     5 |    29 ||    34

Table legend:
 A = Non-vault XP
 B = Vault XP
 C = Vault XP percentage of total XP
 D = Non-vault monster count
 E = Vault monster count
 F = Vault count percentage of total count
                 A         B        C        D         E       F
            +---------+---------+-------+---------+---------+-------
      Total |    2271 |    1431 |  38.7 |     131 |       8 |   5.8
            +---------+---------+-------+---------+---------+-------
        D:1 |      40 |       0 |   0.0 |      22 |       0 |   0.0
        D:2 |      81 |     238 |  74.6 |      21 |       1 |   4.5
        D:3 |     147 |     107 |  42.1 |      26 |       4 |  13.3
        D:4 |     228 |       0 |   0.0 |      16 |       0 |   0.0
        D:5 |     795 |       0 |   0.0 |      24 |       0 |   0.0
        D:6 |     665 |    1086 |  62.0 |      16 |       3 |  15.8
        D:7 |     315 |       0 |   0.0 |       6 |       0 |   0.0
            +---------+---------+-------+---------+---------+-------
